AoeStats
← [GDL] HANNIBAL

MegaRandom

509557416Analyzed
4v4 RM · 6d ago on Sep 27, 2026· 57m 53s· 8 players
Game mode
Random Map
Map size
Large (8 player)
Population
200
Speed
Normal
Resources
Standard
Victory
Conquest
Starting age
Dark Age
Ending age
Imperial Age
RankedLock teamsTeams togetherTeam positionsShared explorationLock speedFull tech treeHidden civsTurbo modeCheats
Victory
Defeat
🇺🇾 Hindustanis · Uruguay
1342
+19
🇦🇷 Varangians · Argentina
1326
+19
🇺🇾 Britons · Uruguay
1312
+20
🇺🇾 Vietnamese · Uruguay
1293
+21
🇬🇧 Tatars · United Kingdom
1437
-21
🇲🇽 Vietnamese · Mexico
1414
-20
🇲🇽 Sicilians · Mexico
1382
-19
🇰🇬 Hindustanis · Kyrgyzstan
1374
-19
[GDL] HANNIBAL
0:45 Loom
10:09 Feudal Age
14:32 Castle Age
14:09 Fletching
17:44 Town Watch
21:12 Horse Collar
22:46 Scale Mail Armor
24:21 Pikeman
25:35 Double-Bit Axe
28:35 Bow Saw
40:54 Chain Mail Armor
44:22 Wheelbarrow
44:39 Forging
45:01 Gold Mining
45:30 Heavy Plow
47:35 Stone Mining
49:57 Bodkin Arrow
50:31 Hand Cart
50:44 Ballistics
Koatlistak
0:34 Loom
9:13 Feudal Age
9:54 Double-Bit Axe
10:59 Town Watch
11:19 Fletching
11:58 Gold Mining
13:50 Horse Collar
20:23 Castle Age
19:01 Padded Archer Armor
21:08 Wheelbarrow
20:24 Crossbowman
21:05 Bodkin Arrow
23:20 Bow Saw
23:50 Heavy Plow
24:03 Stone Mining
26:31 Leather Archer Armor
28:03 Hand Cart
33:35 Imperial Age
31:51 Ballistics
32:52 Masonry
34:19 Bracer
33:40 Elite Rattan Archer
34:40 Medium Warships
35:25 Ring Archer Armor
36:28 Heavy Warships
40:46 Chemistry
40:14 Paper Money
42:27 Elite Cannon Galleon
45:04 Guilds
53:35 Caravan
smithy10w
0:37 Loom
9:47 Feudal Age
15:10 Castle Age
13:54 Double-Bit Axe
14:33 Gold Mining
14:46 Fletching
16:02 Bodkin Arrow
17:18 Bow Saw
16:51 Horse Collar
19:13 Padded Archer Armor
21:26 Ballistics
25:05 Wheelbarrow
25:35 Treadmill Crane
27:49 Hand Cart
27:20 Town Watch
32:43 Imperial Age
33:17 Gold Shaft Mining
32:32 Stone Mining
34:11 Bracer
34:24 Heavy Plow
34:56 Bloodlines
34:47 Husbandry
37:17 Heavy Cavalry Archer
38:36 Conscription
42:05 Chemistry
42:56 Leather Archer Armor
43:58 Siege Engineers
44:06 Masonry
44:44 Timurid Siegecraft
44:10 Elite Skirmisher
45:13 Silk Armor
47:15 Coinage
46:55 Guilds
51:08 Imperial Skirmisher
French Connection
9:46 Feudal Age
13:58 Castle Age
12:28 Double-Bit Axe
12:39 Gold Mining
16:17 Wheelbarrow
16:23 Loom
20:24 Horse Collar
21:06 Stone Mining
30:46 Imperial Age
28:22 Husbandry
28:58 Bloodlines
28:58 Scale Barding Armor
29:17 Hand Cart
29:53 Bow Saw
30:47 Scale Barding Armor
31:35 Forging
30:49 Heavy Camel Rider
33:04 Chain Barding Armor
33:19 Iron Casting
34:39 Chemistry
34:59 Plate Barding Armor
34:51 Fletching
35:43 Gold Shaft Mining
39:30 Scale Mail Armor
39:26 Bodkin Arrow
39:33 Squires
39:18 Arson
40:54 Siege Engineers
41:35 Conscription
41:15 Grand Trunk Road
41:34 Chain Mail Armor
42:19 Blast Furnace
41:24 Bracer
41:13 Elite Ghulam
42:22 Imperial Camel Rider
45:37 Padded Archer Armor
48:45 Light Cavalry
49:51 Leather Archer Armor
49:40 Hussar
52:03 Caravan
56:43 Stone Shaft Mining
TuRco
0:38 Loom
9:05 Feudal Age
19:48 Castle Age
18:01 Double-Bit Axe
18:42 Horse Collar
18:54 Gold Mining
20:00 Scale Barding Armor
20:11 Bloodlines
22:19 Husbandry
24:24 Chain Barding Armor
25:19 Forging
31:16 Wheelbarrow
31:16 Scale Mail Armor
31:18 Squires
32:29 Chain Mail Armor
32:37 Fletching
32:36 Arson
35:11 Hand Cart
36:19 Iron Casting
36:34 Gold Shaft Mining
36:39 Bodkin Arrow
37:25 Bow Saw
37:17 Heavy Plow
40:55 Imperial Age
42:05 Conscription
41:43 Elite Ghulam
43:50 Blast Furnace
44:17 Two-Man Saw
43:13 Stone Mining
43:57 Bracer
45:57 Stone Shaft Mining
Gonzat92
0:34 Loom
8:31 Feudal Age
18:51 Castle Age
16:44 Stone Mining
16:44 Gold Mining
16:52 Gold Mining
18:26 Forging
19:59 Bloodlines
19:51 Husbandry
19:52 Double-Bit Axe
22:18 Fletching
29:05 Wheelbarrow
30:00 Iron Casting
31:10 Bodkin Arrow
34:23 Imperial Age
32:07 Town Watch
32:56 Horse Collar
35:04 Bow Saw
35:33 Conscription
36:09 Ballistics
36:49 Chemistry
38:10 Bracer
38:33 Padded Archer Armor
39:34 Blast Furnace
39:33 Clinker Construction
40:12 Stone Shaft Mining
40:32 Hand Cart
40:48 Elite Longship
42:53 Two-Man Saw
42:51 Careening
43:47 Leather Archer Armor
43:57 Carvel Hull
43:58 Dry Dock
45:18 Ring Archer Armor
48:35 Scale Barding Armor
50:08 Light Cavalry
53:07 Hussar
Lord Selby
0:38 Loom
9:23 Feudal Age
10:10 Double-Bit Axe
11:14 Gold Mining
14:05 Fletching
21:23 Castle Age
19:26 Stone Mining
19:39 Horse Collar
21:23 Padded Archer Armor
21:34 Crossbowman
22:56 Bodkin Arrow
24:13 Leather Archer Armor
28:23 Wheelbarrow
30:34 Town Watch
31:05 Hand Cart
32:57 Ballistics
39:03 Imperial Age
39:02 Bow Saw
39:44 Gold Shaft Mining
40:18 Arbalester
41:33 Ring Archer Armor
42:14 Chemistry
41:49 Yeomen
43:22 Conscription
43:16 Bracer
44:31 Town Patrol
46:11 Two-Man Saw
45:53 Heavy Plow
48:18 Warwolf
50:41 Hand Cart
54:46 Coinage
54:27 Guilds
poli2107
0:38 Loom
12:23 Feudal Age
13:49 Double-Bit Axe
13:50 Fishing Lines
16:45 Castle Age
15:53 Horse Collar
16:11 Fletching
16:21 Padded Archer Armor
18:36 Elite Skirmisher
19:44 Gillnets
20:27 Bodkin Arrow
21:01 Leather Archer Armor
22:42 Heavy Plow
23:28 Bow Saw
25:34 Bow Saw
25:49 Medium Warships
28:27 Wheelbarrow
27:38 Town Watch
28:31 Gold Mining
34:27 Imperial Age
32:15 Hand Cart
32:02 Town Patrol
32:04 Crossbowman
32:49 Thumb Ring
34:16 Stone Mining
35:10 Bracer
35:41 Ring Archer Armor
36:32 Ballistics
36:18 Arbalester
37:15 Imperial Skirmisher
40:46 Chemistry
39:42 Murder Holes
41:09 Paper Money
41:28 Heavy Warships
41:16 Clinker Construction
43:31 Stone Shaft Mining
43:43 Crop Rotation
44:15 Two-Man Saw
43:02 Elite Rattan Archer
45:35 Careening
45:45 Carvel Hull
53:31 Pikeman
54:11 Squires
53:33 Elite Fire Lancer
53:58 Arson
54:47 Forging
54:38 Scale Mail Armor
54:02 Halberdier
56:15 Iron Casting
56:07 Dry Dock
55:57 Masonry
55:53 Siege Engineers
Connection lost

Rejoining the realm…

Still unreachable

The connection could not be restored.

Session expired

The server has moved on; the page needs a fresh start.